 Dungeon Crawl Stone Soup version 0.24-a0-521-g122614b (webtiles) character file.

Game seed: 10260502903387629643

4415 ArcanElement the Thaumaturge (level 10, -3/56 HPs)
             Began as a Deep Elf Wizard on July 29, 2019.
             Was a Believer of Sif Muna.
             Slain by a black mamba (11 damage)
             ... on level 1 of the Lair of Beasts.
             The game lasted 00:36:15 (11070 turns).

ArcanElement the Thaumaturge (Deep Elf Wizard)     Turns: 11070, Time: 00:36:16

Health: -3/56      AC:  3    Str:  4    XL:     10   Next: 14%
Magic:  8/25       EV: 15    Int: 27    God:    Sif Muna [**....]
Gold:   274        SH:  0    Dex: 13    Spells: 5/27 levels left

rFire    + . .     SeeInvis +   l - +4 spear (freeze)
rCold    . . .     Gourm    .   (no shield)
rNeg     . . .     Faith    .   a - +0 robe
rPois    .         Spirit   .   b - +0 hat
rElec    .         Reflect  .   m - +0 cloak
rCorr    .         Harm     .   (no gloves)
MR       +....                  (no boots)
Stlth    ++........             (no amulet)
HPRegen  0.18/turn              u - ring of see invisible
MPRegen  0.19/turn              y - ring of protection from fire

@: no status effects
A: no striking features
a: Channel Magic, Renounce Religion


You were on level 1 of the Lair of Beasts.
You worshipped Sif Muna.
Sif Muna was pleased with you.
You were not hungry.

You visited 3 branches of the dungeon, and saw 11 of its levels.
You also visited: Sewer.

You collected 274 gold pieces.

Inventory:

Hand Weapons
 l - a +4 spear of freezing (weapon)
 A - a +3 dagger of draining
 G - a +3 dagger of venom
 I - a +3 long sword
 J - a +0 quick blade
Missiles
 f - 5 poisoned darts
 g - 190 arrows
 h - 8 curare-tipped darts (quivered)
Armour
 a - a +0 robe (worn)
 b - a +0 hat (worn)
 m - a +0 cloak (worn)
Jewellery
 e - a +3 ring of dexterity
 i - a +3 ring of dexterity
 j - an uncursed ring of protection from magic
 u - a ring of see invisible (left hand)
 y - a ring of protection from fire (right hand)
 z - an uncursed ring of fire
 H - an uncursed ring of positive energy
 L - an uncursed ring of positive energy
Wands
 p - a wand of disintegration (8)
 K - a wand of enslavement (16)
 M - a wand of random effects (14)
Scrolls
 k - a scroll of fog
 n - a scroll of remove curse
 r - 2 scrolls of magic mapping
 v - 3 scrolls of enchant weapon {unknown}
 w - 4 scrolls of random uselessness {unknown}
 C - a scroll of teleportation
 D - a scroll of brand weapon {unknown}
 E - a scroll of amnesia {unknown}
 F - a scroll of enchant armour {unknown}
Potions
 c - 5 potions of mutation
 o - a potion of cancellation
 q - 3 potions of curing
 t - 2 potions of flight
 x - a potion of magic
 B - 3 potions of might
Comestibles
 d - 15 rations


   Skills:
 - Level 3.7 Fighting
 - Level 6.1 Dodging
 - Level 2.4 Stealth
 - Level 9.2 Spellcasting
 + Level 4.0 Conjurations
 + Level 4.5 Hexes
 + Level 3.9 Summonings
 + Level 4.0 Translocations
 + Level 2.3 Transmutations
 + Level 3.5 Fire Magic
 + Level 3.4 Air Magic
 + Level 3.7 Poison Magic
 - Level 9.1 Invocations


You had 5 spell levels left.
You knew the following spells:

 Your Spells              Type           Power        Failure   Level  Hunger
a - Magic Dart            Conj           ####         1%          1    None
b - Blink                 Tloc           N/A          1%          2    None
c - Call Imp              Summ           ####....     1%          2    None
d - Slow                  Hex            #####...     1%          2    None
e - Mephitic Cloud        Conj/Pois/Air  ####....     3%          3    None
f - Conjure Flame         Conj/Fire      ####....     3%          3    None
g - Venom Bolt            Conj/Pois      ####......   26%         5    ####...
h - Ignite Poison         Fire/Tmut/Pois ####....     3%          3    None
t - Sting                 Conj/Pois      ####         1%          1    None

Your spell library contained the following spells:

 Spells                   Type           Power        Failure   Level  Hunger
 Animate Skeleton         Necr           N/A          4%          1    None
 Pain                     Necr           ##..         4%          1    None
 Regeneration             Chrm/Necr      ##........   14%         3    None
 Vampiric Draining        Necr           ##........   14%         3    None
 Animate Dead             Necr           N/A          43%         4    None


Dungeon Overview and Level Annotations

Branches:
Dungeon (9/15)             Temple (1/1) D:4            Lair (1/6) D:8
    Orc: D:9-12

Altars:
Ashenzari
Cheibriados
Dithmenos
Elyvilon
Fedhas
Gozag
Hepliaklqana
Kikubaaqudgha
Makhleb
Nemelex Xobeh
Okawaru
Qazlal
Ru
Sif Muna
Trog
Uskayaw
Vehumet
Wu Jian
Xom
Yredelemnul
The Shining One

Shops:
D:7 }

Annotations:
D:6 Crystal Vault
D:7 2 transporters, glass case, aost's ghost, novice DDFi


Message History

Aim: a black mamba (heavily wounded, covered in acid)
The bolt of acid hits the black mamba!
The black mamba is splashed with acid.
The black mamba is severely wounded.
The now-empty wand crumbles to dust.
The black mamba bites you!
* * * LOW HITPOINT WARNING * * *
The black mamba closely misses you.
Okay, then.
Unknown command.
Evoke which item? (* to show all) (? for menu, Esc to quit)
Okay, then.
Unknown command.
Casting: Ignite Poison (safe; 3% risk of failure)
Confirm with . or Enter, or press ? or * to list all spells.
You blink.
Evoke which item? (* to show all) (? for menu, Esc to quit)
Aiming: Disintegrate
Press: ? - help, Shift-Dir - straight line, f/p - black mamba
Aim: a black mamba (severely wounded, covered in acid, chance to defeat MR: 65%)
The black mamba struggles to resist.
The black mamba bites you!
You die...

## .#####.###
.........#
##.##.#.##@.#
#........+S.#
....(....#..#
.........#..#
#........#.§#
.........°..#
.........#..#
#.....†<.P..#
#.........P.#


You could see a black mamba.

Vanquished Creatures
  A spiny frog (Lair:1)
  3 hippogriffs
  2 water moccasins
  2 ice beasts
  4 orc warriors
  2 sky beasts (D:5)
  3 phantoms
  5 ogres
  2 centaurs
  2 crocodiles
  A bullfrog (D:7)
  A gnoll sergeant (D:7)
  6 wights
  A howler monkey (D:4)
  3 crimson imps
  A centaur skeleton (D:6)
  8 orc wizards
  A bullfrog skeleton (D:5)
  5 orc priests
  4 hounds
  Jessica (D:3)
  An iguana (D:4)
  2 worker ants
  5 gnolls (D:7)
  6 adders
  A shadow imp (D:8)
  2 oozes (D:2)
  3 dart slugs
  7 leopard geckos
  27 orcs
  3 ball pythons
  2 giant cockroaches (D:3)
  6 goblins (D:1)
  5 hobgoblins
  7 jackals
  5 kobolds
  3 quokkas
  8 bats
  7 frilled lizards
  A leopard gecko skeleton (D:4)
  A leopard gecko zombie (D:5)
  5 rats
165 creatures vanquished.

Vanquished Creatures (collateral kills)
  A phantom (D:2)
  A centaur (D:2)
  A bullfrog skeleton (D:8)
  3 orc wizards
  2 worker ants
  4 adders
  A worm (D:3)
  8 orcs
  3 giant cockroaches (D:2)
  A hobgoblin (D:3)
  2 jackals (Sewer)
  A goblin (D:3)
  4 kobolds
  A rat (D:3)
33 creatures vanquished.

Grand Total: 198 creatures vanquished

Notes
Turn   | Place    | Note
-------+----------+-------------------------------------------
     0 | D:1      | ArcanElement the Deep Elf Wizard began the quest for the
                  | Orb.
     0 | D:1      | Reached XP level 1. HP: 10/10 MP: 7/7
   151 | D:1      | Reached skill level 5 in Spellcasting
   230 | D:1      | Reached XP level 2. HP: 15/15 MP: 3/10
   234 | D:1      | Learned a level 2 spell: Blink
   237 | D:1      | Learned a level 2 spell: Call Imp
   240 | D:1      | Learned a level 2 spell: Slow
   414 | D:1      | Found a glowing golden altar of the Shining One.
  1288 | D:2      | Reached skill level 1 in Fighting
  1313 | D:2      | Noticed a centaur
  1384 | D:2      | Killed a centaur
  1384 | D:2      | Reached XP level 3. HP: 1/21 MP: 5/11
  1385 | D:2      | Reached XP level 4. HP: 1/26 MP: 5/17
  1388 | D:2      | Reached XP level 5. HP: 2/30 MP: 3/18
  1757 | D:2      | Learned a level 3 spell: Mephitic Cloud
  1761 | D:2      | Learned a level 3 spell: Conjure Flame
  2392 | D:2      | Noticed a phantom
  2434 | D:2      | Killed a phantom
  2532 | D:2      | Reached XP level 6. HP: 35/35 MP: 16/20
  2997 | D:3      | Found a sacrificial altar of Ru.
  3115 | D:3      | Found a glowing drain.
  3121 | D:3      | Noticed Jessica
  3135 | D:3      | Killed Jessica
  3144 | Sewer    | Entered a sewer
  4450 | D:4      | Reached skill level 5 in Dodging
  4666 | D:4      | Reached XP level 7. HP: 35/41 MP: 11/21
  5169 | D:4      | Found a staircase to the Ecumenical Temple.
  5555 | Temple   | Entered the Ecumenical Temple
  5571 | Temple   | Became a worshipper of Sif Muna the Loreminder
  5772 | D:5      | Entered Level 5 of the Dungeon
  5812 | D:5      | Reached XP level 8. HP: 48/48 MP: 17/23
  5897 | D:5      | Reached skill level 1 in Hexes
  6348 | D:5      | Reached skill level 1 in Poison Magic
  6382 | D:5      | Reached skill level 1 in Fire Magic
  6382 | D:5      | Reached skill level 1 in Air Magic
  6496 | D:5      | Found a burning altar of Makhleb.
  6846 | D:5      | Reached * piety under Sif Muna
  6964 | D:5      | Identified the Incunabulum of the Warrior-Mage
  6972 | D:5      | Learned a level 5 spell: Venom Bolt
  6978 | D:5      | Learned a level 3 spell: Ignite Poison
  6980 | D:5      | Learned a level 1 spell: Sting
  7474 | D:6      | Found a sparkling altar of Nemelex Xobeh.
  8385 | D:7      | Reached XP level 9. HP: 52/52 MP: 8/24
  8572 | D:7      | Found a transporter.
  8579 | D:7      | Found a transporter.
  8579 | D:7      | Noticed aost's ghost (novice DDFi)
  8583 | D:7      | Noticed a manticore
  8814 | D:7      | Reached ** piety under Sif Muna
  9048 | D:7      | Found a burning altar of Makhleb.
  9201 | D:7      | Identified the +0 leather armour of Depression {SInv}
  9335 | D:7      | Noticed a +0 hand axe
  9335 | D:7      | Noticed a +0 dagger
  9347 | D:7      | Found Wuekijew's Gadget Emporium.
  9414 | D:7      | Found a hide-covered altar of Uskayaw.
  9525 | D:8      | Reached skill level 1 in Transmutations
  9764 | D:8      | You fall into a shaft and drop 1 floor!
 10639 | D:8      | Reached XP level 10. HP: 56/56 MP: 10/25
 10833 | D:8      | Found a staircase to the Lair.
 10895 | D:8      | Found an ornate altar of the Wu Jian Council.
 10898 | D:8      | Found a shattered altar of Ashenzari.
 10899 | D:8      | Found a white marble altar of Elyvilon.
 11059 | Lair:1   | Entered Level 1 of the Lair of Beasts
 11059 | Lair:1   | Noticed a spiny frog
 11061 | Lair:1   | Noticed a black mamba
 11066 | Lair:1   | Killed a spiny frog
 11070 | Lair:1   | Slain by a black mamba

Levels and vault maps discovered:
D:1:      dpeg_arrival_erosion, layout_loops_corners, tso_metal_star
D:2:      layout_loops_ring, amethyst_killhole
D:3:      layout_basic, cheibrodos_sewer_entry_drain, nicolae_ru_awakened_eye,
          uniq_jessica
D:4:      layout_basic, minmay_temple_entry_arrows, first_ration
D:5:      minmay_octagon_keep, layout_loops_ring, lemuel_tele_altar
D:6:      layout_gridville, lemuel_doored_altar, abandoned_shop,
          minmay_misc_feat_encased
D:7:      layout_cave_pools, dancing_weapons_uskayaw, lemuel_round_altar,
          gammafunk_ghost_arena, serial_shops, kennysheep_mini
D:8:      layout_rooms, minitemple, lair_entry_dummy
D:9:      cheibrodos_wizards_tower, layout_gridville, zin_treasury, special_room
          [special_room_orc]
Temple:   minmay_freezing_vapour_temple
Lair:1:   layout_regular_city, portal_ice_cave_demonic_guard, pond, uniq_sonja

Skill      XL: |  1  2  3  4  5  6  7  8  9 10 |
---------------+-------------------------------+-----
Spellcasting   | 5 9 |  9.2
Dodging        | 3 4 5 6 |  6.1
Fighting       | 1 2 3 |  3.7
Invocations    | 9 |  9.1
Hexes          | 2 4 |  4.5
Poison Magic   | 2 3 |  3.7
Fire Magic     | 2 3 |  3.5
Air Magic      | 2 3 |  3.4
Summonings     | 2 3 |  3.9
Translocations | 2 3 4 |  4.0
Conjurations   | 2 3 4 |  4.0
Transmutations | 1 2 |  2.3
Stealth        | |  2.4

Action                   |  1- 3 |  4- 6 |  7- 9 | 10-12 || total
-------------------------+-------+-------+-------+-------++-------
Melee: Dagger            |     4 |    16 |    56 |       ||    76
       Spear             |       |       |     3 |     5 ||     8
 Cast: Magic Dart        |    58 |   106 |   240 |     6 ||   410
       Call Imp          |     4 |    33 |    16 |       ||    53
       Blink             |       |     7 |     7 |     2 ||    16
       Conjure Flame     |       |     3 |    24 |       ||    27
       Mephitic Cloud    |       |     8 |    55 |     3 ||    66
       Sting             |       |       |    39 |     3 ||    42
       Ignite Poison     |       |       |    21 |     2 ||    23
Evoke: Wand              |       |       |       |     4 ||     4
  Use: Potion            |     2 |     2 |     2 |       ||     6
       Scroll            |       |     7 |     4 |       ||    11
 Stab: Sleeping          |       |     3 |       |       ||     3
       Confused          |       |       |     4 |       ||     4
  Eat: Chunk             |     1 |     9 |    20 |     1 ||    31
Armor: Robe              |     1 |     5 |     5 |     1 ||    12
Dodge: Dodged            |     9 |    55 |    74 |     9 ||   147

Table legend:
 A = Non-vault XP
 B = Vault XP
 C = Vault XP percentage of total XP
 D = Non-vault monster count
 E = Vault monster count
 F = Vault count percentage of total count
                 A         B        C        D         E       F
            +---------+---------+-------+---------+---------+-------
      Total |    5830 |     380 |   6.1 |     183 |      15 |   7.6
            +---------+---------+-------+---------+---------+-------
        D:1 |      38 |       0 |   0.0 |      19 |       0 |   0.0
        D:2 |     249 |       0 |   0.0 |      25 |       0 |   0.0
        D:3 |      53 |      30 |  36.1 |      18 |       4 |  18.2
        D:4 |     813 |       0 |   0.0 |      27 |       0 |   0.0
        D:5 |     630 |     245 |  28.0 |      23 |       5 |  17.9
        D:6 |     520 |       0 |   0.0 |      13 |       0 |   0.0
        D:7 |    1393 |       0 |   0.0 |      33 |       0 |   0.0
        D:8 |    1339 |       0 |   0.0 |      20 |       0 |   0.0
        D:9 |     127 |       0 |   0.0 |       3 |       0 |   0.0
     Lair:1 |     668 |       0 |   0.0 |       2 |       0 |   0.0
      Sewer |       0 |     105 | 100.0 |       0 |       6 | 100.0
            +---------+---------+-------+---------+---------+-------
